 Dungeon Crawl Stone Soup version 0.20.0-10-g0535bb4 (webtiles) character file.

18 Enish the Slasher (level 2, 0/26 HPs)
             Began as a Naga Warper on June 7, 2017.
             Slain by an adder (2 damage)
             ... on level 3 of the Dungeon.
             The game lasted 00:03:37 (722 turns).

Enish the Slasher (Naga Warper)                      Turns: 722, Time: 00:03:37

Health: 0/26       AC:  3    Str: 13    XL:     2   Next: 70%
Magic:  5/5        EV:  8    Int: 13    God:
Gold:   15         SH:  0    Dex: 10    Spells: 5/5 levels left

rFire    . . .     SeeInvis +   a - +0 falchion
rCold    . . .     Gourm    .   (no shield)
rNeg     . . .     Faith    .   h - +0 ring mail (curse)
rPois    +         Spirit   .   (no helmet)
rElec    .         Reflect  .   (no cloak)
rCorr    .         Harm     +   (no gloves)
MR       .....                  (no barding)
Stlth    ..........             r - amulet of harm
Regen    0.1/turn               (no ring)
MPRegen  0.1/turn               (no ring)

@: very slow
A: see invisible, deformed body, poison resistance, slowness 2, slow metabolism
1, spit poison 1, AC +0
a: Spit Poison


You were on level 3 of the Dungeon.
You were not hungry.

You visited 1 branch of the dungeon, and saw 3 of its levels.

You collected 15 gold pieces.

Inventory:

Hand Weapons
 a - a +0 falchion (weapon)
Missiles
 e - 5 tomahawks of dispersal (quivered)
Armour
 b - a +0 leather armour
 h - a cursed +0 ring mail (worn)
Jewellery
 r - an amulet of harm (around neck)
Scrolls
 d - a scroll of blinking
 i - 2 scrolls of noise {unknown}
 k - a scroll of identify {unknown}
 l - a scroll of magic mapping {unknown}
 s - a scroll of teleportation {unknown}
 t - a scroll of recharging {unknown}
Potions
 j - 2 potions of flight {unknown}
 n - a potion of invisibility {unknown}
 o - a potion of lignification {unknown}
 p - a potion of heal wounds {unknown}
Books
 c - a book of Spatial Translocations

   Spells                             Type                      Level
   a - Blink                          Translocation                2
   b - Shroud of Golubria             Charms/Translocation         2
   c - Lesser Beckoning               Translocation                3
   d - Gell's Gravitas                Translocation                3
   e - Teleport Other                 Translocation                3
   f - Passage of Golubria            Translocation                4
Comestibles
 f - a bread ration
 g - 4 meat rations
 m - 2 fruits
 q - a royal jelly


   Skills:
 - Level 2.0 Fighting
 * Level 3.2 Long Blades
 - Level 0.8 Throwing
 - Level 0.7 Armour
 - Level 1.5 Dodging
 - Level 2.0 Spellcasting
   Level 3.0 Translocations


You had 5 spell levels left.
You didn't know any spells.

Dungeon Overview and Level Annotations

Branches:
Dungeon (3/15)

Altars:


Innate Abilities, Weirdness & Mutations

You cannot wear boots.
Your serpentine skin is tough. (AC +0)
You have supernaturally acute eyesight. (SInv)
Armour fits poorly on your strangely shaped body.
Your system is resistant to poisons. (rPois)
You cover ground very slowly.
You have a slow metabolism.
You can spit poison.


Message History

An adder comes into view.
The orc suddenly cheers.
The orc hits you.
The leopard gecko bites you but does no damage.
Found a stone staircase leading down.
The adder bites you but does no damage. The leopard gecko closely misses you.
You riposte.
You hit the leopard gecko.
The leopard gecko is heavily wounded.
A rat comes into view.
The rat twitches its whiskers.
The orc hits you.
* * * LOW HITPOINT WARNING * * *
A rat comes into view.
You hit the adder.
The adder is moderately wounded.
The adder bites you.
* * * LOW HITPOINT WARNING * * *
The leopard gecko completely misses you.
The adder bites you.
You die...

# # #.#. .>...
....##########
#......<...#
#.#.o......#
#...@l...###
..r..#S###..#
....... #..#
######. #?.#
#. #..# #.
#..# #. #.


You could see an adder, an orc, a leopard gecko and a rat.

Vanquished Creatures
  2 hobgoblins
  5 bats
  A frilled lizard (D:1)
  2 goblins (D:1)
  4 kobolds
  5 rats
19 creatures vanquished.

Notes
Turn   | Place    | Note
-------+----------+-------------------------------------------
     0 | D:1      | Enish the Naga Warper began the quest for the Orb.
     0 | D:1      | Reached XP level 1. HP: 19/19 MP: 3/3
   181 | D:1      | Reached XP level 2. HP: 23/26 MP: 5/5
   722 | D:3      | Slain by an adder

Skill      XL: |  1  2 |
---------------+-------+-----
Long Blades    | 3 |  3.2
Fighting       | |  2.0
Throwing       | |  0.8
Armour         | |  0.7
Dodging        | |  1.5
Spellcasting   | |  2.0
Translocations | |  3.0

Action                   || total
-------------------------++-------
Melee: Falchion          ||    49
Armor: Ring mail         ||    40
       Leather armour    ||     3
Dodge: Dodged            ||    36
       Rpst.: Falchion   ||    18
